Map: Fracture LE

Players

bob

  • Race: Terran Terran
  • League: Silver
  • Spawn Location: 5:00

LiquidBoxer - Winner!

  • Race: Terran Terran
  • League: Bronze
  • Spawn Location: 11:00

VOD

Have the link to the VOD?

Description

Time

  • Played on: Nov. 9, 2018, 5:33 p.m.
  • Length: 46:33
Show
View Real Time Build Order
Export as new Build Order

bob Terran 

Build Orders:  

Get SALT Encoding   

  12  0:01  SCV  
  13  0:13  SCV  
  14  0:25  Supply Depot, SCV  
  15  0:38  Refinery  
  15  0:47  SCV  
  16  0:54  Barracks  
  16  0:59  SCV  
  17  1:07  Supply Depot  
  17  1:11  SCV  
  18  1:23  SCV, Engineering Bay  
  19  1:35  SCV  
  20  1:43  Bunker  
  20  1:44  Barracks Reactor  
  20  1:47  SCV  
  21  1:57  Refinery  
  21  2:21  SCV  
  22  2:27  Marine x2  
  24  2:33  SCV  
  25  2:44  Marine  
  25  2:45  SCV, Marine  
  28  2:59  Command Center  
  28  3:04  Marine x2  
  30  3:08  Neosteel Armor  
  30  3:12  Planetary Fortress  
  29  3:28  Marine x2  
  31  3:40  Supply Depot  
  30  4:19  Factory  
  30  4:43  SCV  
  31  4:48  Hi-Sec Auto Tracking  
  31  4:50  Reaper x2  
  33  4:55  SCV  
  34  5:02  Missile Turret  
  34  5:05  Factory Tech Lab  
  34  5:13  Missile Turret  
  34  5:14  Orbital Command  
  34  5:27  Missile Turret, Armory  
  34  5:28  Siege Tank  
  37  5:34  SCV  
  38  5:46  SCV  
  39  5:58  SCV  
  39  6:00  Command Center, Siege Tank  
  43  6:06  SCV  
  44  6:11  Factory  
  44  6:18  SCV  
  45  6:23  Terran Vehicle And Ship Armor Level 1  
  45  6:33  Missile Turret  
  45  6:50  SCV  
  46  7:08  Supply Depot  
  46  7:11  SCV  
  47  7:19  Factory Tech Lab  
  47  7:20  Missile Turret  
  47  7:30  SCV, Refinery  
  47  7:31  Supply Depot  
  48  7:41  Missile Turret, Starport  
  48  7:42  SCV  
  48  7:43  Planetary Fortress  
  49  7:48  Missile Turret  
  49  7:49  Marine x2, Refinery  
  51  7:53  Terran Infantry Armor Level 1  
  51  7:54  Supply Depot, SCV  
  51  7:57  Siege Tank  
  55  8:06  SCV  
  55  8:08  Missile Turret  
  56  8:17  Supply Depot  
  56  8:21  Starport Tech Lab  
  56  8:22  Refinery  
  56  8:29  Siege Tank  
  59  8:37  Missile Turret  
  59  8:54  Supply Depot  
  59  8:57  Missile Turret  
  59  8:58  Missile Turret  
  59  9:01  Siege Tank  
  62  9:14  Terran Vehicle And Ship Armor Level 2  
  62  9:16  Supply Depot  
  62  9:28  Command Center  
  62  9:32  Missile Turret  
  62  9:33  Siege Tank  
  65  9:39  Supply Depot  
  65  9:41  Raven  
  67  9:56  Missile Turret  
  67  9:57  Sensor Tower  
  67  10:02  Missile Turret  
  67  10:10  Armory  
  61  10:17  Missile Turret  
  61  10:19  Missile Turret  
  61  10:23  Missile Turret, Raven  
  63  10:30  Sensor Tower  
  63  10:32  Siege Tank  
  66  10:37  Marine x2  
  66  10:42  Missile Turret  
  68  10:51  Siege Tank  
  71  11:03  Missile Turret  
  71  11:04  Siege Tank  
  74  11:16  Missile Turret  
  74  11:23  Siege Tank  
  74  11:25  Missile Turret  
  77  11:33  Supply Depot  
  77  11:43  Terran Vehicle Weapons Level 1  
  77  11:50  SCV  
  78  11:57  Supply Depot  
  78  12:02  Missile Turret, SCV  
  79  12:14  SCV  
  80  12:31  Missile Turret  
  80  12:34  Siege Tank  
  83  12:38  SCV  
  84  12:44  Refinery  
  84  12:49  SCV, Refinery  
  84  12:51  SCV  
  86  12:53  Missile Turret  
  86  12:57  Missile Turret  
  86  13:01  SCV  
  86  13:03  SCV  
  85  13:13  SCV  
  85  13:15  SCV  
  75  13:27  SCV  
  70  13:51  Liberator  
  66  14:04  Terran Vehicle Weapons Level 2  
  66  14:06  Siege Tank  
  72  14:15  Neosteel Frame  
  72  14:21  Planetary Fortress  
  72  14:23  Barracks  
  72  14:32  SCV  
  73  14:44  SCV  
  74  14:51  Command Center  
  74  14:52  Thor  
  80  14:56  SCV  
  81  15:08  SCV  
  81  15:10  Missile Turret  
  81  15:11  Marine  
  81  15:12  Marine  
  84  15:20  SCV  
  80  15:29  Marine x2  
  60  16:20  Terran Vehicle And Ship Armor Level 3  
  60  16:22  SCV  
  61  16:34  SCV  
  61  16:38  Terran Ship Weapons Level 1  
  62  16:45  Fusion Core  
  62  16:46  SCV  
  63  16:51  Missile Turret  
  63  16:55  Siege Tank  
  63  16:58  SCV  
  63  17:00  Command Center  
  67  17:03  SCV  
  68  17:10  Barracks Reactor, SCV  
  68  17:11  Missile Turret  
  69  17:15  SCV  
  71  17:22  SCV  
  71  17:26  Missile Turret  
  71  17:27  Missile Turret, Siege Tank  
  74  17:33  Missile Turret  
  74  17:34  Missile Turret, SCV  
  72  17:47  SCV  
  73  17:55  Missile Turret  
  73  17:59  SCV  
  73  18:00  Siege Tank  
  77  18:10  Supply Depot  
  62  18:23  Marine x2  
  64  18:36  Siege Tank  
  64  18:37  Missile Turret  
  64  18:38  Terran Vehicle Weapons Level 3  
  64  18:41  Marine  
  67  18:42  Orbital Command  
  68  18:49  Refinery x2  
  68  18:51  Weapon Refit  
  68  18:58  Missile Turret  
  68  19:03  Supply Depot  
  68  19:08  Marine x2  
  70  19:17  SCV  
  70  19:18  Missile Turret  
  71  19:25  Supply Depot  
  71  19:26  Marine x2  
  71  19:29  SCV  
  74  19:35  Missile Turret  
  74  19:43  Marine  
  74  19:44  Banshee, Marine  
  79  19:48  Supply Depot  
  79  19:51  Terran Ship Weapons Level 2  
  79  20:07  Missile Turret  
  79  20:09  Missile Turret  
  79  20:11  Supply Depot  
  79  20:13  Missile Turret  
  79  20:14  Missile Turret, Terran Infantry Armor Level 2  
  79  20:17  Marine  
  79  20:18  Marine  
  81  20:26  Cyclone  
  81  20:27  Banshee  
  87  20:32  SCV  
  88  20:43  Bunker  
  88  20:44  SCV  
  81  20:58  Siege Tank  
  81  21:01  Missile Turret  
  70  21:06  Missile Turret  
  70  21:10  Viking  
  72  21:11  Starport  
  72  21:16  Rapid Fire Launchers  
  72  21:29  Supply Depot  
  72  21:30  Siege Tank  
  71  21:40  Viking  
  68  21:47  Missile Turret  
  65  22:23  Raven  
  65  22:27  Terran Ship Weapons Level 3  
  67  22:30  Starport Tech Lab  
  67  22:35  Missile Turret  
  67  22:55  Medivac  
  67  22:57  Siege Tank  
  70  23:05  Raven  
  60  24:29  Command Center  
  60  24:32  Siege Tank  
  60  24:37  Terran Infantry Armor Level 3  
  62  24:46  Command Center  
  62  25:01  Missile Turret  
  62  25:02  Missile Turret  
  62  25:03  Missile Turret  
  62  25:04  Siege Tank  
  65  25:12  Bunker  
  71  25:21  Battlecruiser  
  71  25:38  Supply Depot  
  71  25:40  Supply Depot  
  71  25:49  Command Center  
  71  25:54  Missile Turret  
  71  26:02  Missile Turret  
  71  26:03  Supply Depot  
  71  26:06  SCV  
  71  26:10  Refinery  
  72  26:18  SCV  
  68  26:30  SCV  
  49  26:42  SCV  
  55  26:54  Battlecruiser, SCV  
  55  26:56  Missile Turret  
  55  26:58  Missile Turret  
  56  27:11  Missile Turret x2  
  56  27:16  Missile Turret  
  56  27:19  Orbital Command  
  56  27:33  Missile Turret  
  56  27:34  SCV  
  57  27:46  SCV  
  58  27:52  Refinery  
  58  27:56  SCV  
  59  27:58  SCV  
  60  28:08  SCV  
  61  28:13  Bunker  
  61  28:21  SCV  
  61  28:24  Marine x2  
  64  28:29  SCV  
  64  28:33  SCV  
  66  28:41  SCV  
  67  28:42  Marine  
  68  28:57  Missile Turret  
  68  28:58  Missile Turret  
  68  29:01  Missile Turret  
  68  29:09  Viking  
  70  29:11  Viking  
  70  29:15  SCV  
  73  29:21  Siege Tank  
  76  29:27  SCV  
  76  29:28  SCV  
  78  29:39  Viking  
  78  29:40  SCV x2  
  78  29:41  Viking  
  78  29:45  Sensor Tower  
  84  29:48  Marine x2  
  84  29:52  SCV  
  87  29:53  Siege Tank  
  90  30:04  SCV  
  90  30:06  Marine x2  
  93  30:08  Refinery  
  92  30:24  Marine x2  
  94  30:45  SCV  
  94  30:48  Missile Turret  
  92  30:53  Battlecruiser  
  92  30:54  Battlecruiser  
  104  30:57  SCV  
  105  31:08  Missile Turret  
  84  32:11  Orbital Command  
  84  32:19  Battlecruiser  
  87  33:04  Command Center  
  87  33:16  Command Center  
  81  34:01  Siege Tank  
  78  34:06  Battlecruiser  
  77  34:17  Supply Depot  
  77  34:24  Missile Turret  
  77  34:33  Siege Tank  
  80  34:56  Battlecruiser  
  59  35:56  Missile Turret  
  59  36:04  Missile Turret  
  55  37:43  Missile Turret  
  55  37:57  Planetary Fortress  
  37  38:29  Battlecruiser  
  40  40:22  SCV  
  40  40:26  Missile Turret  
  41  40:34  SCV  
  18  42:45  Siege Tank  
  21  43:18  Hellion  
  12  45:10  SCV  
Show
View Real Time Build Order
Export as new Build Order

LiquidBoxer Terran - Winner!

Build Orders: Reaper Expand 

Get SALT Encoding   

  12  0:00  SCV  
  13  0:16  Supply Depot  
  13  0:21  SCV  
  14  0:33  SCV  
  15  0:40  Barracks  
  15  0:45  SCV  
  16  0:57  SCV  
  16  1:00  Refinery  
  17  1:21  SCV  
  18  1:34  Orbital Command  
  18  1:41  Command Center  
  18  2:00  SCV  
  19  2:11  Reaper  
  19  2:12  SCV  
  21  2:39  Supply Depot  
  21  2:43  Reaper  
  21  2:44  Supply Depot x2  
  22  2:50  Engineering Bay  
  22  2:56  Engineering Bay  
  22  3:52  Marine  
  22  4:10  Marine  
  23  4:28  Marine  
  23  4:29  Barracks  
  24  4:32  Barracks  
  24  4:36  Factory  
  24  4:46  Marine  
  25  5:03  Orbital Command  
  25  5:04  SCV, Marine  
  27  5:16  SCV  
  28  5:24  Command Center  
  28  5:28  SCV  
  29  5:38  Barracks Tech Lab  
  29  5:42  Supply Depot  
  29  5:43  Barracks Reactor  
  29  5:50  Starport  
  29  5:51  Barracks Reactor  
  29  5:55  Starport  
  29  5:59  Armory  
  29  6:05  Terran Infantry Weapons Level 1  
  29  6:22  Refinery  
  29  6:38  Terran Infantry Armor Level 1  
  29  6:57  Orbital Command  
  29  7:05  Starport Reactor  
  29  7:06  Starport Reactor  
  29  7:11  SCV x2  
  31  7:23  SCV, Marine x5  
  31  7:24  SCV  
  38  7:36  SCV x2  
  40  7:40  Marine  
  40  7:41  Marine x4  
  45  7:48  SCV x2  
  47  7:58  Marine  
  47  7:59  Marine x4  
  47  8:00  SCV x2  
  54  8:16  Marine  
  54  8:46  Factory  
  54  8:48  Medivac x2  
  58  8:56  Refinery  
  58  9:02  SCV, Refinery  
  59  9:05  SCV  
  59  9:06  SCV  
  61  9:14  SCV  
  61  9:15  Terran Infantry Weapons Level 2  
  62  9:17  SCV  
  62  9:18  SCV  
  64  9:26  SCV  
  64  9:29  SCV  
  64  9:30  SCV  
  67  9:38  SCV  
  67  9:41  SCV  
  67  9:42  SCV  
  70  9:48  Terran Infantry Armor Level 2  
  70  9:51  SCV  
  71  9:53  SCV, Marine x2  
  71  9:54  SCV, Marine x3  
  78  10:02  Supply Depot  
  74  10:11  Marine x5  
  65  10:25  Supply Depot  
  65  10:29  Marine x5  
  70  10:46  Marine  
  70  10:47  Supply Depot, Marine x4  
  75  10:55  Factory Reactor x2  
  75  10:59  SCV  
  75  11:01  SCV  
  75  11:02  SCV  
  78  11:05  Marine  
  78  11:07  Refinery  
  78  11:10  Supply Depot  
  79  11:11  SCV  
  79  11:13  SCV  
  79  11:15  SCV, Terran Vehicle Weapons Level 1  
  82  11:25  SCV  
  83  11:27  SCV  
  87  11:32  Cyclone  
  87  11:33  Cyclone x3  
  87  11:37  SCV  
  87  11:39  SCV  
  98  11:40  Supply Depot  
  98  11:44  Supply Depot  
  98  11:45  Supply Depot  
  98  11:46  Supply Depot  
  98  11:49  SCV  
  98  11:51  SCV  
  98  11:53  Supply Depot, Marine  
  98  11:54  Marine x3  
  103  11:58  Marine  
  105  12:05  Cyclone x4  
  117  12:11  Marine x3  
  117  12:12  Marine  
  121  12:15  Marine  
  122  12:24  Command Center  
  122  12:29  Marine x4  
  125  12:33  Marine  
  127  12:42  Medivac x2  
  131  12:45  Medivac x2  
  139  12:53  Marine x5  
  140  13:10  Marine  
  140  13:11  Marine x4  
  140  13:12  Medivac x2  
  117  13:40  Marine x4  
  117  13:41  Marine  
  116  13:42  Medivac  
  118  13:58  Marine x5  
  123  14:15  Marine  
  123  14:16  Marine x2  
  123  14:20  Stimpack  
  123  14:24  Marine x2  
  124  14:29  Cyclone x4  
  137  14:33  Marine  
  137  14:34  Marine x2  
  140  14:41  Marine x2  
  142  14:51  Marine  
  142  14:52  Marine x2  
  145  14:59  Marine x2  
  147  15:01  Cyclone x4  
  159  15:09  Marine  
  159  15:10  Marine x2  
  162  15:17  Marine x2  
  156  15:33  Cyclone x2  
  156  15:35  Marine  
  91  16:11  Marine x5  
  86  16:26  Cyclone  
  86  16:27  Cyclone x3  
  86  16:28  Marine  
  86  16:29  Marine x4  
  103  16:36  Barracks  
  103  16:37  Barracks  
  103  16:39  Barracks  
  103  16:40  Barracks  
  103  16:42  Barracks  
  103  16:44  Barracks  
  103  16:46  Marine, Barracks  
  103  16:47  Marine x4  
  104  16:48  Barracks  
  104  16:49  Barracks  
  104  16:52  Planetary Fortress  
  108  16:59  Cyclone x4  
  120  17:04  Marine x3  
  120  17:05  Marine x2  
  125  17:22  Marine x5  
  130  17:31  Cyclone x3  
  130  17:32  Command Center  
  139  17:40  Marine x5  
  144  17:57  Marine  
  144  17:58  Marine x4  
  140  18:16  Marine  
  140  18:17  Orbital Command  
  107  18:49  Planetary Fortress  
  107  18:59  Medivac x4  
  115  19:06  Marine  
  115  19:07  Marine x12  
  128  19:22  Refinery  
  128  19:24  Marine  
  128  19:25  Marine x12  
  128  19:26  Refinery  
  128  19:28  Medivac, Refinery  
  128  19:29  Medivac  
  145  19:31  Refinery  
  145  19:32  SCV  
  146  19:42  Marine x3  
  146  19:43  Marine x10  
  146  19:44  SCV  
  160  19:56  SCV  
  161  20:00  Marine x7  
  161  20:01  Marine x6  
  174  20:08  SCV  
  175  20:18  Cyclone, Marine x6  
  175  20:19  Cyclone  
  187  20:44  Cyclone  
  187  20:46  Marine x2  
  187  20:49  Marine x3  
  187  20:52  Marine x4  
  187  20:54  Marine x2  
  187  20:55  Marine x2  
  187  20:56  Cyclone  
  187  20:57  SCV  
  187  20:59  Cyclone  
  174  21:04  Marine x2  
  174  21:07  Marine x3  
  174  21:10  Marine x4  
  183  21:12  Marine x2  
  183  21:13  Marine x2  
  187  21:43  Marine  
  187  21:44  Marine x2  
  187  21:45  Marine x2  
  187  21:46  Marine  
  187  21:47  Marine x3  
  173  22:01  Marine  
  142  22:02  Marine x2  
  142  22:03  Marine  
  142  22:05  Marine x3  
  110  22:13  Marine  
  110  22:14  Marine x5  
  112  22:19  Marine x2  
  112  22:20  Marine  
  112  22:21  Cyclone, Marine  
  112  22:22  Cyclone x3, Marine  
  128  22:23  Marine x2  
  128  22:25  Medivac  
  128  22:26  Medivac  
  135  22:31  Marine x6  
  135  22:37  Marine x2  
  141  22:38  Marine  
  141  22:39  Marine  
  141  22:40  Marine x3  
  141  22:41  SCV  
  149  22:49  Marine x6  
  155  22:53  Command Center, Cyclone  
  155  22:54  Cyclone x3, SCV, Marine  
  155  22:55  Marine x2  
  155  22:57  Marine  
  155  22:58  Marine x3  
  174  23:06  SCV, Marine  
  174  23:07  Marine x5  
  174  23:12  Marine  
  181  23:13  Marine x2  
  181  23:14  Marine  
  181  23:16  Marine x2  
  187  23:38  Marine  
  187  23:44  SCV  
  187  23:59  SCV  
  187  24:04  Marine x2  
  176  25:06  Marine x5  
  176  25:07  Marine x8  
  189  25:21  Refinery  
  189  25:24  Marine x5, Medivac x3  
  189  25:26  Medivac  
  199  25:41  Marine  
  72  27:17  Factory Tech Lab  
  72  27:23  Factory Tech Lab  
  72  27:25  Planetary Fortress  
  72  27:42  Missile Turret  
  72  27:45  Missile Turret  
  72  27:51  Siege Tank x2  
  78  28:18  Orbital Command  
  78  28:21  Barracks Reactor  
  78  28:22  Barracks Reactor x2  
  78  28:23  Siege Tank x2  
  78  28:24  Barracks Reactor  
  78  28:26  Barracks Reactor  
  84  28:33  Barracks Reactor  
  84  28:34  Marine  
  84  28:35  Marine x6  
  91  28:52  Marine x3  
  91  28:53  Marine x4  
  91  28:55  Siege Tank x2  
  104  29:10  Marine x7  
  104  29:14  Marine  
  104  29:15  Marine x11  
  123  29:27  Siege Tank  
  123  29:28  Siege Tank, Marine x7  
  136  29:32  Marine  
  136  29:33  Marine x11  
  148  29:45  Marine  
  148  29:46  Marine x6  
  148  29:50  Marine  
  148  29:51  Marine x11  
  167  29:59  Siege Tank  
  170  30:00  Siege Tank  
  170  30:03  Marine  
  170  30:04  Marine x6  
  180  30:08  Marine x5  
  180  30:09  Marine x7  
  192  30:22  Marine x3  
  195  30:31  Siege Tank  
  132  32:10  Marine  
  132  32:11  Marine x18  
  151  32:19  Medivac x4  
  159  32:28  Marine  
  159  32:29  Marine x18  
  164  32:46  Marine x5  
  164  32:47  Marine x14  
  164  32:49  Medivac x4  
  143  33:04  Marine x10  
  143  33:05  Marine x9  
  162  33:07  Siege Tank x2  
  168  33:15  Factory  
  168  33:17  Factory x2  
  168  33:19  Medivac x4  
  176  33:23  Marine x3  
  179  33:39  Siege Tank x2  
  185  33:49  Medivac x4  
  191  34:11  Siege Tank x2  
  197  34:24  Refinery  
  197  34:25  Medivac  
  199  34:44  Factory Reactor x2  
  199  34:45  Factory Reactor  
  92  36:15  Terran Infantry Weapons Level 3, Terran Infantry Armor Level 3  
  92  36:17  Marine x3  
  92  36:18  Marine x16  
  106  36:35  Marine x7  
  106  36:36  Marine x12  
  120  36:49  Command Center  
  120  36:53  Marine x10  
  120  36:54  Marine x9  
  131  37:10  Marine  
  131  37:11  Marine x12  
  131  37:12  Marine x6  
  141  37:29  Marine x2  
  141  37:30  Marine  
  131  39:02  Viking x2  
  117  39:13  Missile Turret  
  117  39:16  Missile Turret  
  99  39:17  Missile Turret  
  99  39:18  Missile Turret  
  89  39:32  Marine x5, Viking  
  89  39:33  Marine x14  
  110  39:44  Missile Turret  
  110  39:45  Missile Turret  
  110  39:47  Missile Turret  
  110  39:50  Marine x8  
  110  39:51  Marine x11  
  129  40:07  Marine  
  129  40:08  Marine x12  
  129  40:09  Marine x6  
  148  40:25  Marine  
  148  40:26  Marine x16  
  148  40:27  Marine x2  
  167  40:43  Marine  
  167  40:44  Marine x14  
  51  43:31  Marine  
  51  43:32  Marine x14  
  66  43:49  Marine  
  66  43:50  Marine x5  
  69  44:15  Orbital Command  
  63  44:41  SCV  
  60  44:53  SCV  
  59  45:05  SCV  
  45  45:17  SCV, Marine x4  
  45  45:21  Marine  
  50  45:23  Marine  
  50  45:24  Marine x12  
  50  45:25  Marine  
  64  45:29  SCV  
  65  45:40  Bunker  
  52  46:01  SCV  
  51  46:13  SCV  
Tags
 
Matchup
TvT
Race
Terran
Spawn Locations
Cross Positions
Add a new tag
Caveats
  • Supply blocks, unpowered buildings, or Contaminate may cause inaccurate times.
  • Supply counts are checked every 10 seconds.